 Dungeon Crawl Stone Soup version 0.30.0-29-ga12c61a403 (webtiles) character file.

Game seed: 6399577429201496987

89 ChadusMaximus the Covered (level 4, -1/40 HPs)
             Began as a Minotaur Fighter on June 11, 2023.
             Slain by an ufetubus (4 damage)
             ... on level 3 of the Dungeon.
             The game lasted 00:01:12 (1786 turns).

ChadusMaximus the Covered (Minotaur Fighter)        Turns: 1786, Time: 00:01:12

Health: -1/40      AC:  9    Str: 23    XL:     4   Next: 31%
Magic:  3/3        EV:  8    Int:  5    God:
Gold:   119        SH:  4    Dex:  9    Spells: 3/3 levels left

rFire   . . .        a - +0 war axe
rCold   . . .        c - +0 buckler
rNeg    . . .        p - +0 chain mail
rPois   .            (helmet restricted)
rElec   .            (no cloak)
rCorr   .            (no gloves)
SInv    .            (no boots)
Will    .....        (no amulet) Stlth
                     (no ring)
HPRegen 0.26/turn    (no ring)
MPRegen 0.08/turn

%: no passive effects
@: no status effects
A: horns 2, retaliatory headbutt
a: no special abilities


You were on level 3 of the Dungeon.
You visited 1 branch of the dungeon, and saw 3 of its levels.

You collected 119 gold pieces.

Inventory:

Hand Weapons
 a - a +0 war axe (weapon)
Armour
 b - a +0 scale mail
 c - a +0 buckler (worn)
 p - a +0 chain mail (worn)
Scrolls
 g - a scroll of fear {unknown}
 h - a scroll of acquirement {unknown}
 i - a scroll of enchant weapon {unknown}
 j - 2 scrolls of identify {unknown}
 k - a scroll of blinking {unknown}
 l - 2 scrolls of magic mapping {unknown}
 n - a scroll of summoning {unknown}
Potions
 d - a potion of might
 e - 2 potions of curing {unknown}
 f - 2 potions of heal wounds {unknown}
 m - a potion of brilliance {unknown}
 o - a potion of cancellation {unknown}
 q - a potion of ambrosia {unknown}


   Skills:
 + Level 4.3 Fighting
 * Level 3.9 Axes
 + Level 4.3 Armour
 + Level 4.2 Shields


You had 3 spell levels left.
You didn't know any spells.
Your spell library was empty.

Dungeon Overview and Level Annotations

Branches:
Dungeon (3/15)

Altars:


Innate Abilities, Weirdness & Mutations

You have a pair of horns on your head.
You reflexively headbutt those who attack you in melee.


Message History

You are too injured to fight recklessly!
Unknown command.
An ufetubus is nearby!
You are too injured to fight recklessly!
An ufetubus is nearby!
Unknown command.
You are too injured to fight recklessly!
An ufetubus is nearby!
You are too injured to fight recklessly!
Unknown command.
An ufetubus is nearby!
You are too injured to fight recklessly!
The ufetubus hits you but does no damage. x3
The ufetubus hits you.
You closely miss the ufetubus.
The ufetubus is severely wounded.
The ufetubus closely misses you.
The ufetubus hits you but does no damage.
The ufetubus hits you.
* * * LOW HITPOINT WARNING * * *
The ufetubus hits you.
* * * LOW HITPOINT WARNING * * *
You barely miss the ufetubus.
The ufetubus is severely wounded.
The ufetubus barely misses you. The ufetubus hits you.
* * * LOW HITPOINT WARNING * * *
The ufetubus hits you but does no damage.
The ufetubus barely misses you.
You miss the ufetubus.
The ufetubus is severely wounded.
The ufetubus hits you.
* * * LOW HITPOINT WARNING * * *
The ufetubus barely misses you. You block the ufetubus's attack.
The ufetubus hits you.
* * * LOW HITPOINT WARNING * * *
You closely miss the ufetubus.
The ufetubus is severely wounded.
The ufetubus hits you but does no damage.
The ufetubus barely misses you. x2; The ufetubus hits you.
You die...

#........# #........
#.......
###.....#......
........# .... ####
#......# #..# ..#
#......# #†5# #.#
#......+ #.@###.#
##.###[.....###......#
.................#####
...............$......
..........######.#####
##.###.##.##########
#.# #.##...........
#.# #.####.#####.##
#.# #.# #.#


You could see an ufetubus.

Vanquished Creatures
  Robin (D:3)
  An adder (D:2)
  An ufetubus (D:3)
  2 worms
  2 dart slugs (D:2)
  3 ball pythons
  An endoplasm (D:1)
  A giant cockroach (D:2)
  7 hobgoblins
  8 kobolds
  2 quokkas (D:1)
  3 bats (D:1)
  4 frilled lizards
  14 goblins
  3 rats
53 creatures vanquished.

Notes
Turn   | Place    | Note
-------+----------+-------------------------------------------
     0 | D:1      | ChadusMaximus the Minotaur Fighter began the quest for the
                  | Orb.
     0 | D:1      | Reached XP level 1. HP: 19/19 MP: 0/0
   167 | D:1      | Reached XP level 2. HP: 27/27 MP: 1/1
   764 | D:2      | Found a faded altar of an unknown god.
   769 | D:2      | Reached XP level 3. HP: 33/33 MP: 2/2
  1266 | D:2      | Identified the +0 leather armour of the Furrier {Slay+2}
  1590 | D:3      | Noticed Robin
  1600 | D:3      | Reached XP level 4. HP: 30/40 MP: 3/3
  1603 | D:3      | Killed Robin
  1786 | D:3      | Slain by an ufetubus

Illustrated notes

Levels and vault maps discovered:
D:1:      sevenhm_arrival_forest_fort_small_4, layout_rooms, minmay_tripent
D:2:      layout_loops_ring, chequers_ecumenical_altar_island,
          lexackson_kobold_supper
D:3:      layout_basic, uniq_robin, uniq_grinder

Skill      XL: |  1  2 |
---------------+-------+-----
Axes           | 3 |  3.9
Fighting       | 4 |  4.3
Armour         | 4 |  4.3
Shields        | 4 |  4.2

Action                     |  1- 3 |  4- 6 || total
---------------------------+-------+-------++-------
  Melee: War axe           |    78 |    23 ||   101
         Headbutt          |    11 |     2 ||    13
 Armour: Scale mail        |    37 |     1 ||    38
         Chain mail        |       |    11 ||    11
  Dodge: Dodged            |    45 |    18 ||    63
  Block: Buckler           |    14 |     7 ||    21
